 Dungeon Crawl Stone Soup version 0.26.1-11-gd32895ea62 (webtiles) character file.

Game seed: 1090187569080731142

6 MajorAdolf the Changer (level 1, -2/15 HPs)
             Began as a Naga Wanderer on July 21, 2021.
             Slain by a hobgoblin
             ... wielding a cursed -1 club
              (4 damage)
             ... on level 1 of the Dungeon.
             The game lasted 00:01:44 (916 turns).

MajorAdolf the Changer (Naga Wanderer)               Turns: 916, Time: 00:01:45

Health: -2/15      AC:  1    Str: 16    XL:     1   Next: 90%
Magic:  2/3        EV:  9    Int: 11    God:
Gold:   42         SH:  0    Dex:  9    Spells: 3/4 levels left

rFire    . . .     SeeInvis +     - Unarmed
rCold    . . .     Faith    .   (no shield)
rNeg     . . .     Spirit   .   d - +0 robe
rPois    +         Reflect  .   (no helmet)
rElec    .         Harm     .   (no cloak)
rCorr    .         Rampage  .   (no gloves)
Will     .....                  (no barding)
Stlth    +.........             (no amulet)
HPRegen  0.05/turn              (no ring)
MPRegen  0.08/turn              (no ring)

@: very slow
A: large, see invisible, deformed body, poison resistance, slowness 2, spit
poison 1, AC +0
a: Spit Poison


You were on level 1 of the Dungeon.
You visited 1 branch of the dungeon, and saw 1 of its levels.

You collected 42 gold pieces.

Inventory:

Armour
 d - a +0 robe (worn)
Scrolls
 a - a scroll of blinking {unknown}
 c - a scroll of remove curse {unknown}
 e - a scroll of fear {unknown}
 f - a scroll of identify {unknown}
 g - a scroll of fog {unknown}
Potions
 b - a potion of brilliance {unknown}


   Skills:
 - Level 1.0 Axes
 - Level 1.5 Armour
 - Level 1.5 Stealth
 + Level 1.4 Unarmed Combat
 - Level 2.0 Spellcasting
 - Level 2.0 Transmutations
 - Level 1.0 Fire Magic
 - Level 1.0 Evocations


You had 3 spell levels left.
You knew the following spells:

 Your Spells              Type           Power        Failure   Level
a - Beastly Appendage     Tmut           10%          13%         1

Your spell library contained the following spells:

 Spells                   Type           Power        Failure   Level
 Sting                    Tmut/Pois      12%          19%         1
 Wereblood                Tmut           5%           19%         2
 Sandblast                Erth           2%           28%         1
 Ignite Poison            Fire/Tmut/Pois 3%           50%         3
 Spider Form              Tmut/Pois      1%           50%         3
 Stone Arrow              Conj/Erth      2%           65%         3
 Ice Form                 Ice/Tmut       3%           88%         4
 Blade Hands              Tmut           2%           98%         5


Dungeon Overview and Level Annotations

Branches:
Dungeon (1/15)

Altars:


Innate Abilities, Weirdness & Mutations

You cannot wear boots.
Your serpentine skin is tough. (AC +0)
You have supernaturally acute eyesight. (SInv)
Armour fits poorly on your strangely shaped body.
Your system is resistant to poisons. (rPois)
You cover ground very slowly.
You can spit poison.


Message History

You closely miss the bat. The bat hits you but does no damage.
You closely miss the bat. The bat hits you but does no damage.
You hit the bat but do no damage. Your headbutt misses the bat.
The bat closely misses you. x2
You hit the bat but do no damage. The bat hits you.
The hobgoblin hits you with a cursed -1 club.
You completely miss the hobgoblin. Your headbutt misses the hobgoblin.
The bat hits you but does no damage. The bat barely misses you.
The hobgoblin misses you. The bat hits you but does no damage.
You hit the hobgoblin but do no damage. The bat hits you but does no damage. x2
The bat barely misses you. The hobgoblin barely misses you.
You hit the hobgoblin but do no damage. The bat barely misses you.
The rat barely misses you.
The hobgoblin hits you with a cursed -1 club.
You hit the hobgoblin but do no damage.
Your horns disappear.
The rat closely misses you. The bat hits you. The rat bites you.
* * * LOW HITPOINT WARNING * * *
The hobgoblin hits you with a cursed -1 club.
You die...

#############
#...........#
######...........#
.................#
.................#
......r..........##.#
......g@b........##.#
.....(r......#.####.#
......###....#.####.#
...... #.>..+....#.#
# ..... #....#.#..#.#
. .....
#....#.##.#.#### ....
#....#........## ###+
#...............
#....#####..#.#.


You could see a hobgoblin, a bat and 2 rats.

Vanquished Creatures
  A dart slug (D:1)
  2 goblins (D:1)
  A bat (D:1)
4 creatures vanquished.

Notes
Turn   | Place    | Note
-------+----------+-------------------------------------------
     0 | D:1      | MajorAdolf the Naga Wanderer began the quest for the Orb.
     0 | D:1      | MajorAdolf set off with the following items: a +0 club, a
                  | +0 robe; and the following spells available to memorise:
                  | Beastly Appendage, Sting, Wereblood, Sandblast, Ignite
                  | Poison, Spider Form, Stone Arrow, Ice Form, Blade Hands
     0 | D:1      | Reached XP level 1. HP: 15/15 MP: 3/3
     3 | D:1      | Learned a level 1 spell: Beastly Appendage
   642 | D:1      | Reached skill level 1 in Unarmed Combat
   916 | D:1      | Slain by a hobgoblin

Illustrated notes

Levels and vault maps discovered:
D:1:      lightli_arrival_noodles, layout_basic

Skill      XL: |  1 |
---------------+----+-----
Unarmed Combat | 1 |  1.4
Axes           | |  1.0
Armour         | |  1.5
Stealth        | |  1.5
Spellcasting   | |  2.0
Transmutations | |  2.0
Fire Magic     | |  1.0
Evocations     | |  1.0

Action                   || total
-------------------------++-------
Melee: Unarmed           ||    26
       Headbutt          ||     3
 Cast: Beastly Appendage ||     6
 Abil: Spit Poison       ||     3
Armor: Robe              ||    16
Dodge: Dodged            ||    23
